 Dungeon Crawl Stone Soup version 0.29-a0-847-g24c0ca63c9 (webtiles) character file.

Game seed: 10330578260825741826

326 Malachi the Cleaver (level 6, -1/51 HPs)
             Began as a Hill Orc Fighter on July 16, 2022.
             Slain by an ice beast (7 damage)
             ... on level 6 of the Dungeon.
             The game lasted 00:05:14 (3962 turns).

Malachi the Cleaver (Hill Orc Fighter)              Turns: 3962, Time: 00:05:15

Health: -1/51      AC:  9    Str: 21    XL:     6   Next: 49%
Magic:  6/6        EV:  7    Int:  8    God:
Gold:   253        SH:  4    Dex: 10    Spells: 5/5 levels left

rFire   . . .      SeeInvis .   a - +0 war axe
rCold   . . .      Faith    .   c - +0 buckler
rNeg    . . .      Spirit   .   g - +0 chain mail
rPois   .          Reflect  .   (no helmet)
rElec   .          Harm     .   (no cloak)
rCorr   .          Rampage  .   (no gloves)
Will    .....                   (no boots)
Stlth   ..........              (no amulet)
HPRegen 0.17/turn               (no ring)
MPRegen 0.10/turn               (no ring)

@: mighty
A: no striking features
a: no special abilities


You were on level 6 of the Dungeon.
You visited 1 branch of the dungeon, and saw 5 of its levels.

You collected 253 gold pieces.

Inventory:

Hand Weapons
 a - a +0 war axe (weapon)
 r - a +2 falchion of holy wrath
Armour
 c - a +0 buckler (worn)
 g - a +0 chain mail (worn)
Jewellery
 t - an amulet of guardian spirit
Scrolls
 h - a scroll of teleportation
 j - a scroll of fog
 m - a scroll of magic mapping
 o - a scroll of blinking {unknown}
 p - a scroll of acquirement {unknown}
 q - a scroll of immolation {unknown}
 u - a scroll of enchant armour {unknown}
Potions
 b - a potion of brilliance {unknown}
 e - 6 potions of curing
 f - a potion of attraction {unknown}
 i - 2 potions of invisibility {unknown}
 k - 4 potions of heal wounds {unknown}
 l - 2 potions of degeneration {unknown}
 n - a potion of lignification {unknown}
 s - a potion of mutation {unknown}
 v - a potion of haste {unknown}


   Skills:
 - Level 3.6 Fighting
 + Level 8.8 Axes
 - Level 3.2 Armour
 - Level 3.2 Shields


You had 5 spell levels left.
You didn't know any spells.
Your spell library contained the following spells:

 Spells                   Type           Power      Damage    Failure   Level
 Sublimation of Blood     Necr           0%         N/A       100%        2
 Wereblood                Tmut           0%         N/A       100%        2
 Conjure Flame            Conj/Fire      0%         6-21      100%        3
 Ignite Poison            Fire/Tmut/Pois 0%         N/A       100%        3
 Ozocubu's Armour         Ice            0%         N/A       100%        3
 Olgreb's Toxic Radiance  Pois           0%         N/A       100%        4
 Passage of Golubria      Tloc           0%         N/A       100%        4
 Sticky Flame             Conj/Fire      0%         2d3       100%        4
 Metabolic Englaciation   Hex/Ice        0%         N/A       100%        5
 Silence                  Hex/Air        0%         N/A       100%        5
 Simulacrum               Ice/Necr       0%         N/A       100%        6
 Ozocubu's Refrigeration  Ice            0%         4d5       100%        7
 Summon Hydra             Summ           0%         N/A       100%        7
 Ignition                 Fire           0%         3d3       100%        8
 Lehudib's Crystal Spear  Conj/Erth      0%         10d2      100%        8


Dungeon Overview and Level Annotations

Branches:
Dungeon (4/15)             Temple (0/1) D:6

Altars:
Kikubaaqudgha
Wu Jian
Beogh

Shops:
D:3 :(([   D:4 *   D:6 :


Message History

You barely miss the iguana.
The iguana is heavily wounded.
You barely miss the ice beast. You slash the shadow imp!
You kill the shadow imp!
The ice beast hits you. The ice beast freezes you!
* * * LOW HITPOINT WARNING * * *
The iguana barely misses you.
You slash the iguana!
You kill the iguana!
You closely miss the ice beast. You closely miss the white imp.
The white imp gestures at you. You block the puff of frost.
The ice beast hits you but does no damage.
The white imp barely misses you.
An iguana comes into view.
The ice beast hits you but does no damage.
The iguana hisses angrily.
You hit the ice beast.
The ice beast is heavily wounded.
You closely miss the white imp.
The white imp hits you but does no damage.
The ice beast hits you but does no damage.
You closely miss the ice beast.
The ice beast is heavily wounded.
You hit the white imp.
The white imp hits you but does no damage.
The ice beast hits you but does no damage.
Unknown command.
You hit the ice beast.
The ice beast is heavily wounded.
You closely miss the white imp. The white imp gestures at you.
The puff of frost misses you. The ice beast hits you.
* * * LOW HITPOINT WARNING * * *
The ice beast freezes you!
* * * LOW HITPOINT WARNING * * *
You feel better. The ice beast hits you.
* * * LOW HITPOINT WARNING * * *
The ice beast freezes you!
You die...

*,,....#####......[.....##**,**
*,,.......................,,,*
*,*#####....#.#...........,,,***
*,* *#....#.#.#...#....#,,,,,,
*,* **#...#.#.#.##.....#..,,,***
*,* *,..........##.#....#,,,,***
*,***,...*##...###...##...**,,,,
*,*,,,.#,*,#.#Y.........#.,,,,,,
*,*,,,,,,*,#..†@.().....#**,,,,,
*,,,,*,,......5#........# ******
*,,,,,,,##.##...........# **≈≈≈
*,,,***,*,,,#.###.......# *≈***
*,*,*,,,,,,...,,#l#..#### *≈*,≈
*,,,***,*,..#.**#....# *≈*≈*
*,*,,,,,**.##,,,.....# *,*,*
*,,,,*,,,..,,,,*...### *≈*,*
***,,,,,,*,*,,,,,,** *≈**≈


You could see an ice beast, an iguana and a white imp.

Vanquished Creatures
  A scorpion (D:4)
  2 jellies
  An iguana (D:6)
  3 gnolls (D:3)
  5 adders
  A shadow imp (D:6)
  An ufetubus (D:4)
  2 worms
  4 dart slugs
  5 orcs
  3 endoplasms
  6 giant cockroaches
  10 goblins
  6 hobgoblins
  8 jackals
  2 quokkas
  6 ball pythons
  3 bats
  A frilled lizard (D:3)
  5 kobolds
  2 rats
77 creatures vanquished.

Vanquished Creatures (others)
  A human (D:3)
1 creature vanquished.

Grand Total: 78 creatures vanquished

Notes
Turn   | Place    | Note
-------+----------+-------------------------------------------
     0 | D:1      | Malachi the Hill Orc Fighter began the quest for the Orb.
     0 | D:1      | Reached XP level 1. HP: 19/19 MP: 1/1
    84 | D:1      | Reached skill level 3 in Axes
   302 | D:1      | Found a roughly hewn altar of Beogh.
   313 | D:1      | Reached XP level 2. HP: 22/26 MP: 2/2
   380 | D:1      | Found a faded altar of an unknown god.
   480 | D:2      | Reached skill level 4 in Axes
   847 | D:2      | Reached XP level 3. HP: 30/31 MP: 3/3
  1182 | D:2      | Reached skill level 5 in Axes
  1528 | D:2      | Reached XP level 4. HP: 38/39 MP: 4/4
  1706 | D:3      | Found Plog's Assorted Antiques.
  1788 | D:3      | Found Mig Zokk's Weapon Shoppe.
  1876 | D:3      | Found Qelliteh's Book Shoppe.
  2092 | D:3      | Reached skill level 6 in Axes
  2112 | D:3      | Found Fuzoolim's Armour Shoppe.
  2683 | D:3      | Reached XP level 5. HP: 45/45 MP: 5/5
  2760 | D:3      | Found Gamenoh's Weapon Shop.
  2770 | D:3      | Found an ancient bone altar of Kikubaaqudgha.
  2899 | D:3      | Noticed a human
  2902 | D:3      | Killed a human
  3197 | D:4      | Reached skill level 7 in Axes
  3396 | D:4      | Reached skill level 8 in Axes
  3454 | D:4      | Reached XP level 6. HP: 47/51 MP: 6/6
  3457 | D:4      | Found Wounnek's Assorted Antiques.
  3766 | D:4      | Identified the +5 mace of the Fray {pain, Dex+3 Stlth+}
  3777 | D:4      | Found an ornate altar of the Wu Jian Council.
  3916 | D:4      | You fall into a shaft and drop 2 floors!
  3916 | D:6      | Found Pozum's Book Shoppe.
  3950 | D:6      | Noticed an ice beast
  3961 | D:6      | HP: 1/51 [ice beast (9)]
  3962 | D:6      | Slain by an ice beast

Illustrated notes

Levels and vault maps discovered:
D:1:      mrwooster_arrival_statue, layout_loops_ring,
          hellmonk_ecumenical_altar_defaced_shrine
D:2:      layout_loops_corners
D:3:      layout_basic, tgw_kikubaaqudgha, serial_shops, shop,
          nicolae_shop_hallway_plus, nicolae_shop_crystal,
          nicolae_shop_hallway_plus, shop, kennysheep_big_empty_room,
          dk_noncrumbling_3, chequers_serial_rivers_small_b,
          minmay_goblin_outpost
D:4:      minmay_recursive_quarters, layout_cave_pools,
          mainiacjoe_overflow_six_doors_small, serial_shops,
          nicolae_shop_statue_plus
D:6:      layout_rooms, nicolae_overflow_hidden_temple,
          minmay_temple_entry_overgrown, gup_sewer_entry_spiral, serial_shops,
          shop, enter_ossuary_4, minmay_fractal_squares_5

Skill      XL: |  1  2  3  4  5 |
---------------+----------------+-----
Axes           | 3 4 5 6 8 |  8.8
Fighting       | |  3.6
Armour         | |  3.2
Shields        | |  3.2

Action                   |  1- 3 |  4- 6 || total
-------------------------+-------+-------++-------
Melee: War axe           |    84 |   130 ||   214
  Use: Scroll            |       |     6 ||     6
       Potion            |       |     2 ||     2
Armor: Scale mail        |     7 |       ||     7
       Chain mail        |    43 |    88 ||   131
Dodge: Dodged            |    24 |    44 ||    68
Block: Buckler           |    20 |    29 ||    49

Table legend: (Time is in decaauts)
 A = Elapsed time spent in this place.
 B = Non-inter-level travel time spent in this place.
 C = Inter-level travel time spent in this place.
 D = Time resting spent in this place.
 E = Time spent auto-exploring this place.
 F = Levels seen in this place.
 G = Mean time per level.
                   A        B        C        D        E       F      G
               +--------+--------+--------+--------+--------+-----+--------+
         Total |   4016 |   3855 |    161 |    394 |   2841 |   5 |  803.2 |
       Dungeon |   4016 |   3855 |    161 |    394 |   2841 |   5 |  803.2 |
               +--------+--------+--------+--------+--------+-----+--------+

Top non-repeatable levels by time:
     D:3: 1609 daAuts
     D:2: 1234 daAuts
     D:4: 680 daAuts
     D:1: 445 daAuts
     D:6: 47 daAuts
